 Dungeon Crawl Stone Soup version 0.24-a0-525-g9231cdcba1 (webtiles) character file.

Game seed: 15329005518901774248

1555 BinkBink the Cudgeler (level 8, -6/73 HPs)
             Began as a Deep Dwarf Berserker on Aug 3, 2019.
             Was a Believer of Trog.
             Mangled by a white ugly thing (24 damage)
             ... on level 6 of the Dungeon.
             The game lasted 00:09:11 (4261 turns).

BinkBink the Cudgeler (Deep Dwarf Berserker)        Turns: 4261, Time: 00:09:12

Health: -6/73      AC: 11    Str: 22    XL:     8   Next: 58%
Magic:  6/6        EV: 13    Int:  9    God:    Trog [**....]
Gold:   405        SH:  0    Dex: 12    Spells: 7/7 levels left

rFire    . . .     SeeInvis .   a - +0 mace
rCold    . . .     Gourm    .   (no shield)
rNeg     . . .     Faith    .   q - +0 chain mail
rPois    .         Spirit   .   (no helmet)
rElec    .         Reflect  .   (no cloak)
rCorr    .         Harm     .   (no gloves)
MR       +++..                  m - +0 pair of boots
Stlth    ..........             (no amulet)
HPRegen  1.00/turn              h - +3 ring of evasion
MPRegen  0.10/turn              (no ring)

@: non-regenerating
A: damage resistance, heal wounds, sense surroundings 1, no regeneration
a: Heal Wounds, Berserk, Trog's Hand, Renounce Religion


You were on level 6 of the Dungeon.
You worshipped Trog.
Trog was pleased with you.
You were not hungry.

You visited 1 branch of the dungeon, and saw 6 of its levels.

You collected 405 gold pieces.

Inventory:

Hand Weapons
 a - a +0 mace (weapon)
Armour
 b - a +0 animal skin
 m - a +0 pair of boots (worn)
 q - a +0 chain mail (worn)
Jewellery
 h - a +3 ring of evasion (left hand)
 u - a +3 ring of dexterity {unknown}
 x - a +6 amulet of reflection {unknown}
 B - an uncursed amulet of the acrobat {unknown}
Wands
 v - a wand of flame (4)
 y - a wand of enslavement (9)
 D - a wand of disintegration (12)
Scrolls
 d - 4 scrolls of teleportation {unknown}
 e - 11 scrolls of identify {unknown}
 j - 3 scrolls of noise {unknown}
 l - 3 scrolls of amnesia {unknown}
 n - 2 scrolls of blinking {unknown}
 p - 4 scrolls of immolation {unknown}
 t - a scroll of torment {unknown}
 w - a scroll of fear {unknown}
 z - 2 scrolls of remove curse {unknown}
Potions
 f - 3 potions of lignification {unknown}
 g - a potion of degeneration {unknown}
 i - 2 potions of heal wounds {unknown}
 k - a potion of brilliance {unknown}
 o - a potion of haste {unknown}
 r - 3 potions of flight {unknown}
 s - a potion of mutation {unknown}
 A - a potion of agility {unknown}
 C - a potion of curing {unknown}
Comestibles
 c - 8 rations


   Skills:
 + Level 4.9 Fighting
 + Level 7.8 Maces & Flails
 + Level 5.9 Armour
 + Level 4.2 Dodging
 + Level 3.3 Stealth


You had 7 spell levels left.
You didn't know any spells.
Your spell library was empty.

Dungeon Overview and Level Annotations

Branches:
Dungeon (6/15)
 Temple: D:4-7

Altars:
Fedhas
Okawaru
Trog

Shops:
D:4 %[!%

Annotations:
D:6 1 runed translucent door, Crazy Yiuf


Innate Abilities, Weirdness & Mutations

You are resistant to damage.
You can heal yourself by infusing magical energy.
You passively map a small area around you.
You do not regenerate.


Message History

You hit the white ugly thing.
The white ugly thing is lightly wounded.
The white ugly thing barely misses you.
You closely miss the white ugly thing.
The white ugly thing is lightly wounded.
The white ugly thing kicks you. The white ugly thing freezes you!!
You are too injured to fight recklessly!
You are too injured to fight recklessly!
You are too injured to fight recklessly!
Your skin crawls.
You feel resistant to hostile enchantments.
You feel somewhat more hungry. The white ugly thing kicks you.
The white ugly thing freezes you!!
* * * LOW HITPOINT WARNING * * *
You feel much better. The white ugly thing kicks you!
The white ugly thing freezes you!!
* * * LOW HITPOINT WARNING * * *
You feel much better. The white ugly thing kicks you.
The white ugly thing freezes you!!
You die...

.# #.####.# #.##.#
.###.####.#####.##.############ #
..>..)......................#..
####.....####.....####.####.#.#
#.....#(.##...##.?#.####.#.###
#.....#...##.##...#...##.#.##.
##....##...#.#SO.##.#.........
####..##.'#.#uZ##.......#.###
#....###..@###....#####<.[.
#......).8........# #####
#....###...###...##########
#...## +#.#+ ##..##.......#
######..## ,#.# ,##..........#
##....<..#, ##.## ,#.##.[.....#
.........#, ##...##,,#....<.....#
##.......####.....####.#........#
####.#.................#.......#


You could see a white ugly thing, an ogre, an adder and a centaur skeleton.

Vanquished Creatures
  Duvessa (D:5)
  An orc warrior (D:6)
  2 black bears (D:6)
  3 phantoms (D:6)
  A centaur (D:6)
  A big kobold (D:6)
  A bullfrog (D:6)
  Dowan (D:5)
  A crimson imp (D:5)
  A bullfrog zombie (D:6)
  A centaur zombie (D:6)
  2 centaur skeletons
  2 hounds
  An orc wizard (D:4)
  3 iguanas
  2 worker ants
  13 adders
  4 gnolls (D:5)
  4 oozes
  An adder skeleton (D:4)
  2 worms
  2 dart slugs
  2 leopard geckos
  12 orcs
  4 ball pythons
  18 bats
  2 giant cockroaches
  4 goblins
  5 hobgoblins
  5 quokkas
  4 frilled lizards
  9 kobolds
  2 leopard gecko skeletons (D:6)
  A quokka skeleton (D:5)
  A quokka zombie (D:6)
  9 rats
128 creatures vanquished.

Notes
Turn   | Place    | Note
-------+----------+-------------------------------------------
     0 | D:1      | BinkBink the Deep Dwarf Berserker began the quest for the
                  | Orb.
     0 | D:1      | Reached XP level 1. HP: 20/20 MP: 1/1
    95 | D:1      | Reached XP level 2. HP: 27/27 MP: 2/2
   116 | D:1      | Reached skill level 1 in Stealth
   677 | D:2      | Reached XP level 3. HP: 22/34 MP: 3/3
   912 | D:2      | Reached ** piety under Trog
  1077 | D:2      | Reached XP level 4. HP: 23/42 MP: 3/3
  1155 | D:2      | Reached skill level 4 in Maces & Flails
  1513 | D:3      | Found an iron altar of Okawaru.
  1782 | D:3      | Reached XP level 5. HP: 34/49 MP: 4/4
  1962 | D:3      | Found a bloodstained altar of Trog.
  2277 | D:4      | Found Paruoch's Food Boutique.
  2282 | D:4      | Found Otsam's Armour Shop.
  2413 | D:4      | Found a blossoming altar of Fedhas.
  2439 | D:4      | Reached XP level 6. HP: 33/56 MP: 5/5
  2475 | D:4      | Found Bidan's Distillery.
  2570 | D:4      | Reached skill level 5 in Maces & Flails
  2625 | D:4      | Found Tadugeis's Armour Shop.
  2685 | D:4      | Found Miudwoli's Food Shop.
  2923 | D:5      | Entered Level 5 of the Dungeon
  3132 | D:5      | Noticed Dowan
  3134 | D:5      | Noticed Duvessa
  3180 | D:5      | Killed Duvessa
  3180 | D:5      | Reached XP level 7. HP: 45/63 MP: 6/6
  3185 | D:5      | Killed Dowan
  3185 | D:5      | Reached skill level 6 in Maces & Flails
  3691 | D:6      | Found a runed translucent door.
  3692 | D:6      | Noticed Crazy Yiuf
  3816 | D:6      | Reached skill level 7 in Maces & Flails
  3816 | D:6      | Reached skill level 5 in Armour
  3816 | D:6      | Reached XP level 8. HP: 55/72 MP: 7/7
  4251 | D:6      | Noticed a white ugly thing
  4261 | D:6      | Mangled by a white ugly thing

Levels and vault maps discovered:
D:1:      minmay_arrival_stone_box, layout_basic
D:2:      layout_loops_corners, kennysheep_generic_room_13
D:3:      minmay_recursive_quarters, layout_basic, bloody_trog, first_ration,
          serial_park_tiny_2, st_stairs_3, minmay_misc_feat_more_columns,
          okawaru_gym_becter
D:4:      layout_cave_pools, fedhas_altar_1, serial_shops, shop, shop,
          nicolae_shop_behind_doors, shop, kennysheep_mini,
          kennysheep_generic_room_8
D:5:      layout_rooms, grunt_decor_arrowhead, minmay_misc_feat_pillars,
          uniq_duvessa
D:6:      cheibrodos_barr_body, layout_loops_cross, uniq_crazy_yiuf_cottage

Skill      XL: |  1  2  3  4  5  6  7 |
---------------+----------------------+-----
Stealth        | 1 2 3 |  3.3
Fighting       | 3 4 |  4.9
Maces & Flails | 4 5 7 |  7.8
Dodging        | 3 4 |  4.2
Armour         | 3 5 |  5.9

Action                   |  1- 3 |  4- 6 |  7- 9 || total
-------------------------+-------+-------+-------++-------
Melee: Mace              |   134 |   333 |   263 ||   730
Invok: Trog's Hand       |       |    10 |    10 ||    20
 Abil: Heal Wounds       |     2 |       |     7 ||     9
 Stab: Sleeping          |     6 |     9 |       ||    15
       Distracted        |       |     1 |       ||     1
  Eat: Chunk             |       |    11 |     5 ||    16
       Ration            |       |       |     1 ||     1
Armor: Animal skin       |    29 |    30 |       ||    59
       Chain mail        |       |   140 |   130 ||   270
Dodge: Dodged            |   133 |   317 |   214 ||   664

Table legend:
 A = Non-vault XP
 B = Vault XP
 C = Vault XP percentage of total XP
 D = Non-vault monster count
 E = Vault monster count
 F = Vault count percentage of total count
                 A         B        C        D         E       F
            +---------+---------+-------+---------+---------+-------
      Total |    1639 |     583 |  26.2 |     110 |      18 |  14.1
            +---------+---------+-------+---------+---------+-------
        D:1 |      35 |       0 |   0.0 |      20 |       0 |   0.0
        D:2 |      84 |       0 |   0.0 |      22 |       0 |   0.0
        D:3 |      64 |      49 |  43.4 |      20 |      13 |  39.4
        D:4 |     277 |       0 |   0.0 |      18 |       0 |   0.0
        D:5 |     234 |     226 |  49.1 |      11 |       2 |  15.4
        D:6 |     945 |     308 |  24.6 |      19 |       3 |  13.6
            +---------+---------+-------+---------+---------+-------
